 Dungeon Crawl Stone Soup version 0.23.0-28-g6fe0f4d (webtiles) character file.

Game seed: 17325667029189356148

71 Semilg the Digger (level 4, -2/24 HPs)
             Began as a Gargoyle Earth Elementalist on Feb 25, 2019.
             Slain by a gnoll
             ... wielding a +0 spear
              (5 damage)
             ... on level 2 of the Dungeon.
             The game lasted 00:11:15 (1639 turns).

Semilg the Digger (Gargoyle Earth Elementalist)     Turns: 1639, Time: 00:11:15

Health: -2/24      AC:  7    Str: 13    XL:     4   Next: 24%
Magic:  1/7        EV: 12    Int: 15    God:
Gold:   71         SH:  0    Dex: 10    Spells: 3/7 levels left

rFire    . . .     SeeInvis .   g - +0 hunting sling
rCold    . . .     Gourm    .   (no shield)
rNeg     + . .     Faith    .   c - +0 robe
rPois    ∞         Spirit   .   (no helmet)
rElec    +         Reflect  .   h - +0 cloak
rCorr    .         Harm     .   (no gloves)
MR       .....                  f - +0 pair of boots
Stlth    ++........             (no amulet)
HPRegen  0.08/turn              (no ring)
MPRegen  0.10/turn              (no ring)

@: very slightly contaminated
A: negative energy resistance 1, electricity resistance, unbreathing,
petrification resistance, rot immunity, AC +3
a: no special abilities


You were on level 2 of the Dungeon.
You were hungry.

You visited 1 branch of the dungeon, and saw 2 of its levels.

You collected 71 gold pieces.

Inventory:

Hand Weapons
 e - a +0 dagger
 g - a +0 hunting sling (weapon)
Missiles
 b - 130 stones
 m - 5 javelins
 p - 29 sling bullets (quivered)
 s - 7 needles of sleeping
Armour
 c - a +0 robe (worn)
 f - a +0 pair of boots (worn)
 h - a +0 cloak (worn)
Jewellery
 l - an uncursed ring of protection from magic {unknown}
Scrolls
 q - a scroll of immolation {unknown}
 t - a scroll of remove curse
Potions
 a - a potion of heal wounds {unknown}
 i - a potion of agility
 j - a potion of flight {unknown}
 k - a potion of magic {unknown}
 n - a potion of curing {unknown}
Comestibles
 d - 6 rations
 r - 4 chunks of flesh


   Skills:
 + Level 0.5 Fighting
 * Level 1.8(2.0) Slings
 * Level 0.8(1.4) Throwing
 + Level 2.0 Dodging
 + Level 2.2 Stealth
 * Level 2.2 Spellcasting
   Level 0.7 Transmutations
 * Level 4.2 Earth Magic


You had 3 spell levels left.
You knew the following spells:

 Your Spells              Type           Power        Failure   Level  Hunger
a - Sandblast             Erth           ##....       3%          1    #......
b - Stone Arrow           Conj/Erth      #.....       26%         3    ###....

Your spell library contained the following spells:

 Spells                   Type           Power        Failure   Level  Hunger
 Passwall                 Tmut/Erth      #.......     12%         2    ###....
 Petrify                  Tmut/Erth      #.......     61%         4    #####..
 Lee's Rapid Deconstruct  Erth           ##........   71%         5    ######.


Dungeon Overview and Level Annotations

Branches:
Dungeon (2/15)

Altars:


Innate Abilities, Weirdness & Mutations

You are resistant to torment.
Your stone body is resilient. (AC +3)
You are immune to poison.
You resist negative energy. (rN+)
You are resistant to electric shocks. (rElec)
You can survive without breathing.
You are immune to petrification.
You are immune to rotting.


Message History

Firing (i - inventory. (/) - cycle)
p - 32 sling bullets (quivered)
Press: ? - help, Shift-Dir - straight line, f/p - gnoll
Aim: a gnoll, wielding a +0 spear You shoot a sling bullet.
The sling bullet hits the gnoll!
You kill the gnoll!
The gnoll closely misses you.
Firing (i - inventory. (/) - cycle)
p - 31 sling bullets (quivered)
Press: ? - help, Shift-Dir - straight line, f/p - gnoll
Aim: a gnoll, wielding a +0 spear You shoot a sling bullet.
The sling bullet hits the gnoll but does no damage.
The gnoll hits you from afar with a +0 spear.
* * * LOW HITPOINT WARNING * * *
Firing (i - inventory. (/) - cycle)
p - 30 sling bullets (quivered)
Press: ? - help, Shift-Dir - straight line, f/p - gnoll
Aim: a gnoll, wielding a +0 spear You shoot a sling bullet.
The sling bullet hits the gnoll.
The gnoll is moderately wounded.
The gnoll hits you from afar with a +0 spear.
You die...

######.###############
.........(.(..g(@...)#
##.######..######.##.#
#..# #.##.# #..#
#.##.# .g.# #.##.#
#...# ##.##.# #...#
##...#.# ....#
##......# #.......#


You could see a gnoll.

Vanquished Creatures
  2 gnolls (D:2)
  4 dart slugs (D:1)
  3 leopard geckos (D:2)
  5 hobgoblins
  7 kobolds (D:1)
  5 bats (D:1)
  3 frilled lizards (D:1)
  5 goblins
  10 rats
44 creatures vanquished.

Notes
Turn   | Place    | Note
-------+----------+-------------------------------------------
     0 | D:1      | Semilg the Gargoyle Earth Elementalist began the quest for
                  | the Orb.
     0 | D:1      | Reached XP level 1. HP: 10/10 MP: 3/3
    47 | D:1      | Reached XP level 2. HP: 11/15 MP: 0/5
   206 | D:1      | Reached skill level 4 in Earth Magic
   567 | D:1      | Reached XP level 3. HP: 15/19 MP: 6/6
   606 | D:1      | Reached skill level 1 in Slings
   983 | D:1      | Learned a level 3 spell: Stone Arrow
  1635 | D:2      | Reached XP level 4. HP: 12/24 MP: 0/7
  1639 | D:2      | Slain by a gnoll

Skill      XL: |  1  2  3 |
---------------+----------+-----
Earth Magic    | 4 |  4.2
Slings         | 1 |  1.8
Dodging        | 2 |  2.0
Fighting       | |  0.5
Throwing       | |  0.8
Stealth        | |  2.2
Spellcasting   | |  2.2
Transmutations | |  0.7

Action                   |  1- 3 |  4- 6 || total
-------------------------+-------+-------++-------
 Fire: Hunting sling     |   107 |     4 ||   111
Throw: Stone             |    37 |       ||    37
 Cast: Sandblast         |    17 |       ||    17
       Stone Arrow       |     1 |       ||     1
  Use: Scroll            |     3 |       ||     3
  Eat: Chunk             |     2 |       ||     2
Armor: Robe              |    32 |     1 ||    33
Dodge: Dodged            |    76 |     1 ||    77
